[Event "Turnier 1900-2000 "]
[Site "?"]
[Date "2006.??.??"]
[Round "?"]
[White "Polgar, Mephisto"]
[Black "Super Expert B 6 MHz, Novag"]
[Result "1-0"]
[ECO "D85"]
[WhiteElo "1970"]
[BlackElo "1919"]
[Annotator "Thomas Jäger"]
[PlyCount "119"]
[EventDate "2006.??.??"]
[TimeControl "300+2"]

{32MB, book.ctg, ANJATHOMAS} 1. d4 Nf6 2. c4 g6 3. Nc3 d5 4. Nf3 Bg7 5. cxd5
Nxd5 6. e4 Nxc3 7. bxc3 c5 8. Be3 Qa5 9. Qd2 O-O 10. Rc1 cxd4 11. cxd4 Qxd2+
12. Nxd2 e6 {letzter Buchzug} 13. Nb3 Rd8 14. Bg5 f6 15. Be3 {letzter Buchzug}
Nc6 16. Bb5 Rd6 17. O-O a6 18. Bxc6 Rxc6 19. Rxc6 bxc6 20. Na5 Bd7 21. Rb1 f5
22. e5 Rc8 23. Rb6 Kf7 24. Nc4 Bf8 25. Rxa6 Rb8 26. Kf1 Rb4 27. Ra7 Ke8 28.
Nd6+ Bxd6 29. exd6 Rb2 30. Ra8+ Kf7 31. Bh6 e5 32. dxe5 Ke6 33. Ra7 c5 34. Ke1
Rb1+ 35. Ke2 Rg1 36. g3 Rh1 37. Be3 c4 38. Kd2 h5 39. h4 Ra1 40. Kc3 Rb1 41.
Kxc4 Ra1 42. f4 Re1 43. Bc5 Rc1+ 44. Kb4 Rf1 45. Bd4 Rf3 46. Ra3 Rxa3 47. Kxa3
Kd5 48. Bf2 Ke4 49. Kb2 Kf3 50. Be1 Bc8 51. a4 {Kc3 gewinnt schnell} Ke4 52.
Kc3 Kd5 53. Kb4 Kc6 54. Bf2 Be6 55. a5 Bc8 56. Bb6 Be6 57. Bc5 Kb7 58. Bd4 Bc8
59. Kc5 Be6 60. a6+ 1-0

[Event "Turnier 1900-2000 "]
[Site "?"]
[Date "2006.??.??"]
[Round "?"]
[White "Roma II, Mephisto"]
[Black "Citrine, Novag"]
[Result "1/2-1/2"]
[ECO "A17"]
[WhiteElo "1970"]
[BlackElo "1990"]
[Annotator "Thomas Jäger"]
[PlyCount "166"]
[EventDate "2006.??.??"]
[TimeControl "300+2"]

{32MB, book.ctg, ANJATHOMAS} 1. c4 c5 2. Nf3 Nf6 3. g3 {letzter Buchzug} b6 4.
Bg2 Bb7 {letzter Buchzug} 5. d3 e6 6. Nc3 Be7 7. e4 d6 8. O-O O-O 9. Bg5 a6 10.
Qd2 h6 11. Bf4 Nbd7 12. Rab1 b5 13. b3 bxc4 {
Roma will es geschlossen halten Citrine nicht} 14. bxc4 Rb8 15. Rb3 Qc7 16.
Rfb1 Bc6 17. Ne2 Rb7 18. Rxb7 Bxb7 19. Ne1 Bc6 20. Nc2 Rb8 21. Rb3 Ne5 22. Ne3
Ng6 23. Nd1 Rxb3 24. axb3 Qb7 25. Qb2 Nxf4 26. Nxf4 Nd7 27. Nh5 e5 28. g4 Bg5
29. Ng3 Qb4 30. Qc3 g6 31. Nf1 a5 32. Nfe3 Nf6 33. h3 Kh8 {
wieder dieser absolut unsinnige Zug - h5 war gut} 34. Qxb4 axb4 {
cb4 sieht besser aus} 35. Kf1 Kh7 36. Nd5 Nxd5 37. exd5 Bd7 38. Ne3 f5 39. Bf3
Kg7 40. Ke2 Kf6 41. gxf5 gxf5 42. Bh5 Bc8 43. Ng2 Bc1 44. Kf3 Bd7 45. Ke2 {
! Weiss muss sehr genau spielen} Kg5 46. Bf3 Bb2 47. h4+ Kf6 48. Ne3 Bc3 49.
Bh5 Bd4 50. Nf1 Ba1 51. Ng3 Bc3 52. Bf3 Be8 53. Bh5 Bxh5+ 54. Nxh5+ Kg6 55. Ng3
Ba1 56. Kd1 Bd4 57. Ke2 Bc3 58. Kf3 Bd4 {Ld2!} 59. Kg2 Bc3 60. Kh2 Bd4 {
ab jetzt 1 min/Z} 61. Kg1 Kf6 62. Kf1 Kg6 63. Ke2 h5 64. Ke1 Bc3+ 65. Kd1 Bd4
66. Ke2 Bc3 67. f3 Bd4 68. Nf1 Bb2 69. Ne3 Bc3 70. Nd1 Bd4 71. Nf2 Kf6 72. Nh3
Kg6 73. Ng5 Bc3 {wenn schon Lg1} 74. Ne6 Bb2 75. Nc7 Kf7 76. Nb5 Ke7 77. Kd2
Ba1 78. Kc2 Kd7 79. Kd1 Ke7 80. Kd2 Bb2 81. Kc2 {+0,04} Ba1 82. Kd1 {
Roma sieht vielleicht, dass es nach Kb1 mit e4 gefährlich werden kann} Bb2 83.
Ke2 Bc1 {Ich liess noch etliche Züge weiterspielen. Es bleibt remis} 1/2-1/2

[Event "Turnier 1900-2000 "]
[Site "?"]
[Date "2006.??.??"]
[Round "?"]
[White "Super Expert B 6 MHz, Novag"]
[Black "Polgar, Mephisto"]
[Result "1/2-1/2"]
[ECO "C83"]
[WhiteElo "1919"]
[BlackElo "1970"]
[Annotator "Thomas Jäger"]
[PlyCount "205"]
[EventDate "2006.??.??"]
[TimeControl "300+2"]

{32MB, book.ctg, ANJATHOMAS} 1. e4 e5 2. Nf3 Nc6 3. Bc4 Nf6 4. d4 exd4 5. O-O
Nxe4 6. Re1 d5 7. Bxd5 Qxd5 8. Nc3 Qa5 9. Nxe4 Be6 10. Bd2 Qd5 11. Bg5 Bd6 12.
Bf6 O-O {letzter Buchzug} 13. Nxd4 Nxd4 14. Qxd4 Qxd4 15. Bxd4 Rfd8 16. Nxd6
Rxd6 17. Bc3 Rad8 18. f3 f6 19. Kf2 Kf7 20. Re2 c5 21. Rae1 b5 22. a3 h5 23.
Ba5 R8d7 24. h4 Bf5 25. g3 Rd1 26. Rxd1 Rxd1 27. Bc7 Be6 28. b3 c4 29. Bb8 a6
30. a4 b4 31. Bc7 cxb3 32. cxb3 Rd3 33. Re3 Rd2+ 34. Ke1 Rb2 35. Bd6 a5 36. Bc7
Bxb3 37. Bxa5 Bc2 38. Re2 b3 39. Bc3 Ra2 40. a5 Rxa5 41. Rd2 Ra2 42. Rd7+ Ke6
43. Rb7 Kd5 44. Kd2 Kc6 45. Rb8 Kc5 46. Ke3 Kd6 47. Bd4 Ke6 48. Rb6+ Kf5 49.
Rb7 Kg6 50. g4 Kh6 51. Rb6 hxg4 52. fxg4 Kh7 53. Rb7 Kg6 54. Kf4 Bd1 55. h5+ {
?! g5} Kh6 56. Rb8 Kh7 57. g5 fxg5+ 58. Kxg5 Ra4 59. Bb2 Ra5+ 60. Kf4 Rxh5 {
ab jetzt 1 min/Z} 61. Rb7 Rh4+ 62. Ke3 Rh3+ 63. Kf4 Rf3+ 64. Ke4 Rg3 65. Kf4
Rg2 66. Bd4 Kh6 67. Ke4 g5 68. Rb8 Kh5 69. Kf5 Kh4 70. Bf6 Bc2+ 71. Ke6 Bb1 72.
Rb4+ Kh5 73. Bd4 Ba2 74. Kf5 Rd2 75. Rb8 Bb1+ 76. Ke5 Re2+ 77. Kf6 Ba2 78. Kf5
Kh4 79. Be5 Bb1+ 80. Kf6 Rf2+ 81. Ke7 Ba2 82. Bd4 Re2+ 83. Kd6 Kg3 84. Bg7 g4
85. Kc5 Kg2 86. Kd4 Rf2 87. Ke4 g3 88. Bd4 Re2+ 89. Kf4 Rd2 90. Ke3 Rc2 91. Kd3
Kh1 92. Re8 Rc7 93. Rh8+ Kg2 94. Rb8 Rc2 95. Be5 Kh2 96. Rh8+ Kg1 97. Bd4+ Kf1
{beide spielen nicht optimal, danach wird es remis!} 98. Rf8+ Ke1 99. Bc3+
Rxc3+ 100. Kxc3 g2 101. Re8+ Kf1 102. Rf8+ Kg1 103. Kb2 1/2-1/2

[Event "Turnier 1900-2000 "]
[Site "?"]
[Date "2006.??.??"]
[Round "?"]
[White "Citrine, Novag"]
[Black "Roma II, Mephisto"]
[Result "1-0"]
[ECO "B05"]
[WhiteElo "1990"]
[BlackElo "1970"]
[Annotator "Thomas Jäger"]
[PlyCount "71"]
[EventDate "2006.??.??"]
[TimeControl "300+2"]

{32MB, book.ctg, ANJATHOMAS} 1. c4 c6 2. e4 {letzter Buchzug} d5 3. exd5 cxd5 {
letzter Buchzug} 4. Nf3 d4 5. d3 e5 6. Be2 Nc6 7. O-O Be7 8. Qa4 Bd7 9. Nbd2
Nf6 10. Re1 O-O 11. Bd1 Qc7 12. Qb5 Ng4 13. Ba4 a6 14. Qb3 Na5 15. Qc2 Bxa4 16.
Qxa4 Nc6 17. h3 Nf6 18. Ne4 Nxe4 19. Rxe4 f5 20. Re2 Rad8 21. Bd2 Rc8 22. Rae1
Bf6 23. b4 Rf7 {?} 24. b5 axb5 25. cxb5 Ne7 26. Nxe5 Bxe5 27. Rxe5 Qc2 28. Qxd4
{Dc2 ist noch besser} Qxd2 29. Rxe7 Qxa2 30. Re8+ Rxe8 31. Rxe8+ Rf8 32. Rxf8+
Kxf8 33. Qc5+ Ke8 34. Qc8+ Ke7 35. Qxb7+ Kf6 36. Qb6+ 1-0

[Event "Turnier 1900-2000 "]
[Site "?"]
[Date "2006.??.??"]
[Round "?"]
[White "Roma II, Mephisto"]
[Black "Citrine, Novag"]
[Result "0-1"]
[ECO "D25"]
[WhiteElo "1970"]
[BlackElo "1990"]
[Annotator "Thomas Jäger"]
[PlyCount "83"]
[EventDate "2006.??.??"]
[TimeControl "300+2"]

{32MB, book.ctg, ANJATHOMAS} 1. d4 d5 2. c4 dxc4 3. Nf3 Nf6 4. e3 Bg4 5. Bxc4
e6 6. h3 Bh5 7. Nc3 Nbd7 8. O-O Bd6 9. e4 e5 10. Be2 {letzter Buchzug} O-O 11.
dxe5 Nxe5 12. Nxe5 Bxe2 13. Qxe2 Bxe5 {letzter Buchzug} 14. Bg5 Qe8 15. Bxf6
Bxf6 16. Nd5 Be5 17. Rad1 Rd8 18. f4 Bd6 19. Qc4 c6 20. Ne3 Bc7 21. e5 Bb6 22.
Kf2 Qe7 23. Kf3 Qh4 24. Qe4 Qh5+ 25. Ng4 Rfe8 26. Kg3 Rxd1 27. Rxd1 f5 28. Qc4+
Kh8 29. Rd7 fxg4 30. hxg4 Qh1 31. Qf7 Qe1+ 32. Kh3 Qh1+ 33. Kg3 Rg8 34. Rxb7
Qf1 35. g5 Qf2+ {? Lf2!} 36. Kh3 Qxb2 37. g3 Qe2 38. Rd7 Qf3 39. Rd6 {?} Bf2 {!
} 40. Qb3 {-6,50} Qh1+ 41. Kg4 g6 42. f5 0-1

[Event "Turnier 1900-2000 "]
[Site "?"]
[Date "2006.??.??"]
[Round "?"]
[White "Polgar, Mephisto"]
[Black "Super Expert B 6 MHz, Novag"]
[Result "0-1"]
[ECO "A34"]
[WhiteElo "1970"]
[BlackElo "1919"]
[Annotator "Thomas Jäger"]
[PlyCount "75"]
[EventDate "2006.??.??"]
[TimeControl "300+2"]

{32MB, book.ctg, ANJATHOMAS} 1. c4 Nf6 2. Nf3 c5 3. Nc3 d5 4. cxd5 Nxd5 5. e3
Nxc3 6. bxc3 g6 7. Bb5+ Nd7 8. O-O {letzter Buchzug} Bg7 {letzter Buchzug} 9.
Ba3 b6 10. d4 O-O 11. Qa4 a6 12. Bc6 Ra7 13. Bb2 Qc7 14. c4 {?} b5 15. cxb5
axb5 16. Qxb5 Ba6 17. Bxd7 Bxb5 18. Bxb5 Qb6 19. a4 Rb8 20. Ne5 Bxe5 21. dxe5
Rab7 22. Rfd1 Rd8 23. h3 Rxd1+ 24. Rxd1 Qe6 25. Rd3 c4 26. Rd8+ Kg7 27. Bc3 Kh6
28. Rd4 Rc7 29. Ba5 {?} c3 30. Rd1 c2 31. Rc1 Rc8 32. e4 Qxe5 33. Bd2+ Kg7 34.
Be3 Qxe4 35. a5 Rb8 36. Bf1 Rb1 37. a6 Qxe3 38. Rxb1 {Polgar gibt hiermit auf}
0-1

[Event "Turnier 1900-2000 "]
[Site "?"]
[Date "2006.??.??"]
[Round "?"]
[White "Citrine, Novag"]
[Black "Roma II, Mephisto"]
[Result "0-1"]
[ECO "D49"]
[WhiteElo "1990"]
[BlackElo "1970"]
[Annotator "Thomas Jäger"]
[PlyCount "86"]
[EventDate "2006.??.??"]
[TimeControl "300+2"]

{32MB, book.ctg, ANJATHOMAS} 1. d4 d5 2. c4 c6 3. Nc3 e6 4. e3 Nf6 5. Nf3 Nbd7
6. Bd3 dxc4 7. Bxc4 b5 8. Bd3 a6 9. e4 c5 10. e5 cxd4 11. Nxb5 Nxe5 12. Nxe5
axb5 13. Qf3 Bb4+ {letzter Buchzug} 14. Ke2 Bd7 15. Nc6 {letzter Buchzug} Bxc6
16. Qxc6+ Kf8 17. Qxb5 Qd6 18. Kf1 Rb8 19. Qg5 h6 20. Qg3 Qxg3 21. hxg3 Bd6 22.
Rh4 e5 23. Bf5 {a4 !} Rb7 24. g4 Be7 25. g5 Nd5 26. Re4 {?!} hxg5 27. Rxe5 Rh1+
28. Ke2 Nf4+ {lange stand der Citrine besser, ohne es selbst zu wissen. Jetzt
steht Roma auf Gewinn!} 29. Kf3 g6 30. Be4 Rc7 31. Bxf4 Rxa1 32. Rxg5 Bxg5 33.
Bxc7 Rxa2 34. Bd6+ Be7 35. Be5 f5 36. Bc6 Ra6 37. Bd7 Rb6 38. g4 fxg4+ 39. Ke4
Bf6 40. Bxf6 Rxf6 41. Bxg4 Rxf2 42. Bc8 Rxb2 43. Kxd4 Ke7 {
Bewertung steigt über +7!} 0-1

[Event "Turnier 1900-2000 "]
[Site "?"]
[Date "2006.??.??"]
[Round "?"]
[White "Centurion, Saitek"]
[Black "Citrine, Novag"]
[Result "1-0"]
[ECO "B10"]
[WhiteElo "1979"]
[BlackElo "1990"]
[Annotator "Thomas Jäger"]
[PlyCount "72"]
[EventDate "2006.??.??"]
[TimeControl "300+2"]

{32MB, book.ctg, ANJATHOMAS} 1. Nf3 {letzter Buchzug} c6 {
letzter Buchzug - unglaublich} 2. e4 d6 3. d4 f5 4. e5 e6 5. Bf4 Be7 6. Bd3
dxe5 {Citrine steht sehr schlecht!} 7. Bxe5 {?! de ist besser} Nf6 8. c3 O-O 9.
O-O Nbd7 10. Bg3 Nh5 11. Qe2 Kh8 12. Re1 Nxg3 13. hxg3 Rf6 14. Nbd2 Bd6 15. Ng5
Nf8 16. Nc4 Bc7 17. Ne5 Qe8 18. a4 Bd7 19. Rad1 Bxe5 20. dxe5 Rg6 21. Nh3 Rg4
22. b3 Rd8 23. Nf4 Ng6 24. Nxg6+ Qxg6 25. Rd2 Kg8 26. Red1 Be8 27. Qe1 Rd5 {
?! noch ein Fehler} 28. c4 Ra5 {beide Türme sind jetzt deplaziert} 29. Bc2 b6
30. Rd8 {die schwarze Stellung ist jetzt nicht mehr haltbar} c5 31. R1d7 Kf8
32. Rc7 a6 {?} 33. Rd6 Rxa4 {was sonst?} 34. bxa4 Rxc4 35. Qe2 b5 36. Rxa6 Qg4
1-0

[Event "Turnier 1900-2000 "]
[Site "?"]
[Date "2007.??.??"]
[Round "?"]
[White "Citrine, Novag"]
[Black "Centurion, Saitek"]
[Result "0-1"]
[ECO "C87"]
[WhiteElo "1990"]
[BlackElo "1979"]
[Annotator "Thomas Jäger"]
[PlyCount "208"]
[EventDate "2006.??.??"]
[TimeControl "300+2"]

{32MB, book.ctg, ANJATHOMAS} 1. e4 e5 2. Nf3 Nc6 3. Bb5 a6 4. Ba4 Nf6 5. O-O
Be7 6. Re1 d6 {letzter Buchzug} 7. c3 {letzter Buchzug} Bd7 8. d4 O-O 9. Nbd2
b5 10. Bb3 exd4 11. cxd4 Bg4 12. h3 Bh5 13. e5 dxe5 14. dxe5 Nd5 15. Re4 Bg6
16. Re1 {e6 wäre interessant} Nf4 17. Nf1 Nd3 18. Re2 Na5 19. Bc2 c5 20. Rd2 c4
21. Qe2 Nc6 22. Ng3 Re8 23. Rd1 Bf6 24. Ne4 Ncxe5 25. Nxe5 Bxe5 26. Bxd3 cxd3
27. Rxd3 Qb8 28. Re3 Bd4 29. Nc3 Bxe3 30. Bxe3 Qb7 31. Rd1 b4 32. Nd5 Rac8 33.
Nf4 Be4 34. Rd6 Rc2 35. Qxa6 Rxb2 36. Qxb7 Bxb7 37. Nd3 Rxa2 38. Nxb4 Re2 39.
Nd5 Kf8 40. Rd7 Bxd5 41. Bc5+ Kg8 42. Rxd5 h6 43. Rd7 Rc8 44. Be3 Rcc2 45. Kh2
g5 46. Kg3 Kg7 47. Kf3 Re1 48. Bd4+ Kg6 49. Rd6+ Re6 50. Rxe6+ fxe6 51. Ke4
Re2+ 52. Kf3 Re1 53. Bc3 Rg1 54. Bh8 h5 55. Bc3 Kf5 56. Bd4 h4 57. g3 e5 58.
g4+ Kf6 59. Bc5 Rh1 60. Kg2 Rd1 {ab jetzt 1min/Z} 61. Be3 Rb1 62. Kf3 Rb3 63.
Ke4 Rb4+ 64. Kd5 {?} Rb1 65. Ke4 Rh1 66. Kf3 Rh2 67. Ke4 Rxh3 68. Bb6 Rc3 69.
Be3 h3 70. Kf3 Rc7 71. Kg3 Rh7 72. Kh2 Rh8 73. f3 Rh7 74. Bb6 Kg6 75. Bd8 Rh8
76. Be7 Rh4 77. Bc5 Kf6 {e4 gewinnt} 78. Bb6 Rh7 79. Bd8+ Kg6 80. Bb6 Rh8 81.
Be3 Rf8 82. Kg3 Rf7 83. Bb6 Rb7 84. Bd8 Rb8 85. Be7 Re8 86. Bc5 Rh8 87. Kh2 Kf7
88. Bb6 Ke6 89. Bc5 Rc8 90. Be3 Kf6 91. Kxh3 Rc3 92. Bb6 Rxf3+ 93. Kg2 Rf4 94.
Bd8+ Kg6 95. Kg3 e4 96. Bc7 Rf6 97. Bd8 Rf3+ 98. Kg2 Rf4 99. Kg3 e3 100. Bb6 e2
101. Bf2 Kf6 102. Kg2 Ke5 103. Kg3 Ke4 104. Be1 Rf3+ 0-1

[Event "Turnier 1900-2000 "]
[Site "?"]
[Date "2007.??.??"]
[Round "?"]
[White "Centurion, Saitek"]
[Black "Citrine, Novag"]
[Result "0-1"]
[ECO "D25"]
[WhiteElo "1979"]
[BlackElo "1990"]
[Annotator "Thomas Jäger"]
[PlyCount "86"]
[EventDate "2006.??.??"]
[TimeControl "300+2"]

{32MB, book.ctg, ANJATHOMAS} 1. d4 d5 2. Nf3 Nf6 3. c4 dxc4 4. e3 {
letzter Buchzug} Bg4 5. Bxc4 e6 6. Qb3 Bxf3 7. gxf3 Nbd7 8. Qxb7 c5 {
letzter Buchzug} 9. Nd2 cxd4 10. exd4 Be7 11. Rg1 O-O {
Citrine spielt anders als der SEB} 12. Nb3 Qc8 13. Qb5 Ne8 {
aus Angst voe Dg5 - sehr passiv} 14. Bd3 Rb8 15. Qh5 Ndf6 16. Qh6 Kh8 17. Qh4
Qb7 18. Bd2 Rc8 19. Qg3 Bb4 20. Rd1 a5 21. Qg5 Qxf3 22. Qe3 Qb7 23. Qe2 Bxd2+
24. Rxd2 Qb4 25. Qe5 a4 26. Nc5 Rd8 27. Be2 {
a3 mit Vorteil! Jetzt kommt Schwarz in Vorteil} a3 28. b3 Rd5 29. Qe3 Nd6 30.
Na6 Qb6 31. Nc5 Nf5 32. Qg5 Qa5 33. Bd3 h6 34. Qg2 Rxd4 35. Qc6 Qc3 36. Qb6 Rd6
37. Qb5 Rd5 38. Qc4 Qe5+ 39. Ne4 Nd4 40. Kf1 Nxe4 41. Bxe4 Qxe4 42. Rd1 Rfd8
43. Qd3 Qf4 0-1

[Event "Turnier 1900-2000 "]
[Site "?"]
[Date "2007.??.??"]
[Round "?"]
[White "Citrine, Novag"]
[Black "Centurion, Saitek"]
[Result "1-0"]
[ECO "B01"]
[WhiteElo "1990"]
[BlackElo "1979"]
[Annotator "Thomas Jäger"]
[PlyCount "99"]
[EventDate "2006.??.??"]
[TimeControl "300+2"]

{32MB, book.ctg, ANJATHOMAS} 1. e4 d5 2. exd5 Nf6 3. d4 Nxd5 4. c4 Nf6 5. Nf3
c5 6. dxc5 {d5 ist wohl besser} Qxd1+ 7. Kxd1 Nc6 8. Nc3 Bg4 9. Be2 Rd8+ 10.
Ke1 e6 11. Be3 Nb4 12. Rc1 Be7 13. Kf1 O-O 14. a3 Nc6 15. b4 a5 16. Rb1 axb4
17. axb4 Bf5 18. Rb2 Ra8 19. b5 Ra1+ 20. Ne1 Ne5 21. Rd2 Nfg4 22. Bd4 Rd8 23.
Nd5 Rxe1+ 24. Kxe1 exd5 25. f3 Nxc4 26. Bxc4 dxc4 27. fxg4 Bxg4 28. Be3 Re8 29.
Kf2 Bh4+ 30. g3 Rxe3 31. gxh4 Rf3+ 32. Kg2 Rd3 33. Rxd3 cxd3 34. c6 b6 35. c7
Kf8 36. Rd1 Ke7 37. Rxd3 Bd7 38. Kf3 g6 39. Rc3 Bc8 40. h5 gxh5 41. Rd3 Bd7 42.
Kg3 f6 43. Kh4 Ke6 44. Kxh5 Ke7 45. Kh6 f5 46. Kxh7 f4 47. Kg6 Bc8 48. Rd8 Bd7
49. c8=Q Bxc8 50. Rxc8 1-0